MWL (24 & UNDER)
LEE'S SUMMIT TIGERS @ MANHATTEN MEATHEADS
10/01/2030
 
TOP OF THE 1ST
Lee's Summit Tigers batting - Pitching for Manhatten Meatheads : RHP Ramón Caro
Pitching: RHP Ramón Caro
Batting: RHB José Deleón 0-0: Ground out 5-3 (Groundball, 56S)
Batting: RHB Josh Martin 0-0: Ball
1-0: Ball
2-0: Ball
3-0: Called Strike
3-1: Called Strike
3-2: Ground out 1-3 (Groundball, 13)
Batting: LHB Brian Lawson 0-0: Called Strike
0-1: Swinging Strike
0-2: Ball
1-2: Strikes out looking
Top of the 1st over - 0 runs, 0 hits, 0 errors, 0 left on base; Lee's Summit 0 - Manhatten 0
BOTTOM OF THE 1ST
Manhatten Meatheads batting - Pitching for Lee's Summit Tigers : RHP Lyndon Dixon
Pitching: RHP Lyndon Dixon
Batting: LHB Wayne Rogers 0-0: Called Strike
0-1: Ground out U3 (Groundball, 34)
Batting: RHB Roberto Rodríguez 0-0: Called Strike
0-1: Fly out, F5 (Line Drive, 56)
Batting: RHB Ed Gaston 0-0: Ball
1-0: Called Strike
1-1: Swinging Strike
1-2: Strikes out swinging
Bottom of the 1st over - 0 runs, 0 hits, 0 errors, 0 left on base; Lee's Summit 0 - Manhatten 0
TOP OF THE 2ND
Lee's Summit Tigers batting - Pitching for Manhatten Meatheads : RHP Ramón Caro
Batting: RHB Tommy Smith 0-0: Called Strike
0-1: Called Strike
0-2: Foul Ball, location: 2F
0-2: Strikes out looking
Batting: LHB Víctor Piña 0-0: Ball
1-0: Fly out, F9 (Flyball, 9LMF)
Batting: RHB Juan Rodríguez 0-0: Ball
1-0: Foul Ball, location: 2F
1-1: Foul Ball, location: 2F
1-2: Foul Ball, location: 2F
1-2: Strikes out swinging
Top of the 2nd over - 0 runs, 0 hits, 0 errors, 0 left on base; Lee's Summit 0 - Manhatten 0
BOTTOM OF THE 2ND
Manhatten Meatheads batting - Pitching for Lee's Summit Tigers : RHP Lyndon Dixon
Batting: LHB Geoff May 0-0: Called Strike
0-1: Ball
1-1: Called Strike
1-2: Ground out 4-3 (Groundball, 4)
Batting: RHB Paul French 0-0: Swinging Strike
0-1: Fly out, F7 (Flyball, 78M)
Batting: LHB Aaron Scott 0-0: Called Strike
0-1: Ball
1-1: Ground out U3 (Groundball, 3L)
Bottom of the 2nd over - 0 runs, 0 hits, 0 errors, 0 left on base; Lee's Summit 0 - Manhatten 0
TOP OF THE 3RD
Lee's Summit Tigers batting - Pitching for Manhatten Meatheads : RHP Ramón Caro
Batting: LHB António Bonaccorsi 0-0: Called Strike
0-1: Ball
1-1: Ball
2-1: Ball
3-1: Called Strike
3-2: Foul Ball, location: 2F
3-2: Base on Balls
Batting: LHB Claudio Jiménez 0-0: 2-RUN HOME RUN (Flyball, 9D), Distance : 343 ft
Batting: SHB Enrique Bartoccini 0-0: Ball
1-0: Ball
2-0: Fly out, F7 (Line Drive, 7D)
Batting: RHB José Deleón 0-0: Called Strike
0-1: Ball
1-1: Foul Ball, location: 2F
1-2: Foul Ball, location: 2F
1-2: Foul Ball, location: 2F
1-2: Ball
2-2: Ball
3-2: Base on Balls
Batting: RHB Josh Martin 0-0: Ball
1-0: Fly out, F8 (Flyball, 78M)
Batting: LHB Brian Lawson 0-0: Ball
1-0: Fly out, F3 (Line Drive, 3)
Top of the 3rd over - 2 runs, 1 hit, 0 errors, 1 left on base; Lee's Summit 2 - Manhatten 0
BOTTOM OF THE 3RD
Manhatten Meatheads batting - Pitching for Lee's Summit Tigers : RHP Lyndon Dixon
Batting: RHB Wayne Hanson 0-0: Ball
1-0: Swinging Strike
1-1: Ball
2-1: Ball
3-1: Called Strike
3-2: Reached on error, E1 (Groundball, 15S)
Batting: LHB Justin Tubridy 0-0: Called Strike
0-1: Ball
1-1: Ball
2-1: Swinging Strike
2-2: Ground out 5-3 (Groundball, 56S)
Wayne Hanson to second
Batting: RHB Juan Blanco 0-0: Foul Ball, location: 2F
0-1: Called Strike
0-2: Strikes out swinging
Batting: LHB Wayne Rogers 0-0: Foul Ball, location: 2F
0-1: Called Strike
0-2: Foul Ball, location: 2F
0-2: Ball
1-2: Ground out 4-3 (Groundball, 4)
Bottom of the 3rd over - 0 runs, 0 hits, 1 error, 1 left on base; Lee's Summit 2 - Manhatten 0
TOP OF THE 4TH
Lee's Summit Tigers batting - Pitching for Manhatten Meatheads : RHP Ramón Caro
Batting: RHB Tommy Smith 0-0: Ball
1-0: Ball
2-0: Foul Ball, location: 2F
2-1: Fly out, F9 (Flyball, 9D)
Batting: LHB Víctor Piña 0-0: Ball
1-0: Ball
2-0: SINGLE (Groundball, 56D)
Batting: RHB Juan Rodríguez 0-0: Called Strike
0-1: Ball
1-1: Ball
2-1: Ball
3-1: Foul Ball, location: 2F
3-2: Strikes out looking
Batting: LHB António Bonaccorsi 0-0: Ball
1-0: Ball
2-0: Foul Ball, location: 2F
2-1: Ball
Passed Ball!
Víctor Piña to second
3-1: Foul Ball, location: 2F
3-2: Strikes out looking
Top of the 4th over - 0 runs, 1 hit, 0 errors, 1 left on base; Lee's Summit 2 - Manhatten 0
BOTTOM OF THE 4TH
Manhatten Meatheads batting - Pitching for Lee's Summit Tigers : RHP Lyndon Dixon
Batting: RHB Roberto Rodríguez 0-0: Ball
1-0: Swinging Strike
1-1: Foul Ball, location: 2F
1-2: Strikes out swinging
Batting: RHB Ed Gaston 0-0: Foul Ball, location: 2F
0-1: SINGLE (Line Drive, 89S)
Batting: LHB Geoff May 0-0: Ball
1-0: Fly out, F7 (Flyball, 7LD)
Batting: RHB Paul French 0-0: Hit by Pitch
Ed Gaston to second
Batting: LHB Aaron Scott 0-0: Swinging Strike
0-1: Ball
1-1: Called Strike
1-2: Ball
2-2: Strikes out swinging
Bottom of the 4th over - 0 runs, 1 hit, 0 errors, 2 left on base; Lee's Summit 2 - Manhatten 0
TOP OF THE 5TH
Lee's Summit Tigers batting - Pitching for Manhatten Meatheads : RHP Ramón Caro
Batting: LHB Claudio Jiménez 0-0: Swinging Strike
0-1: Ball
1-1: Ball
2-1: SINGLE (Groundball, 5D)
Batting: SHB Enrique Bartoccini 0-0: Ball
1-0: Ball
Passed Ball!
Claudio Jiménez to second
2-0: Ball
3-0: Called Strike
3-1: Foul Ball, location: 2F
3-2: Foul Ball, location: 2F
3-2: TRIPLE (Line Drive, 8RXD)
Claudio Jiménez scores
Batting: RHB José Deleón 0-0: Intentional Walk
Batting: RHB Josh Martin 0-0: Ball
1-0: Reached on error, E6 (Groundball, 6)
Enrique Bartoccini scores
José Deleón to second
Batting: LHB Brian Lawson 0-0: Ball
1-0: Foul Ball, location: 2F
1-1: Grounds into double play, 6-4-3 (Groundball, 6MD)
José Deleón to third
Batting: RHB Tommy Smith 0-0: Ball
1-0: SINGLE (Groundball, 56D)
José Deleón scores
Batting: LHB Víctor Piña 0-0: Called Strike
0-1: Foul Ball, location: 2F
0-2: Ball
1-2: Ground out 4-3 (Groundball, 4)
Top of the 5th over - 3 runs, 3 hits, 1 error, 1 left on base; Lee's Summit 5 - Manhatten 0
BOTTOM OF THE 5TH
Manhatten Meatheads batting - Pitching for Lee's Summit Tigers : RHP Lyndon Dixon
Batting: RHB Wayne Hanson 0-0: Swinging Strike
0-1: Foul Ball, location: 2F
0-2: Ball
1-2: Ball
2-2: Ball
3-2: Ground out 1-3 (Groundball, 15S)
Batting: LHB Justin Tubridy 0-0: Ball
1-0: Ball
2-0: Called Strike
2-1: Swinging Strike
2-2: Ground out U3 (Groundball, 3)
Batting: RHB Juan Blanco 0-0: Ball
1-0: Swinging Strike
1-1: Swinging Strike
1-2: Ball
2-2: Strikes out swinging
Bottom of the 5th over - 0 runs, 0 hits, 0 errors, 0 left on base; Lee's Summit 5 - Manhatten 0
TOP OF THE 6TH
Lee's Summit Tigers batting - Pitching for Manhatten Meatheads : RHP Ramón Caro
Pitching: RHP José Ríos
Batting: RHB Juan Rodríguez 0-0: Ball
1-0: Ball
2-0: Ball
3-0: Called Strike
3-1: Base on Balls
Batting: LHB António Bonaccorsi 0-0: Ball
1-0: Foul Ball, location: 2F
1-1: Fly out, F7 (Flyball, 7S)
Batting: LHB Claudio Jiménez 0-0: Called Strike
0-1: Fly out, F9 (Line Drive, 9)
Batting: SHB Enrique Bartoccini 0-0: Ball
1-0: Called Strike
1-1: SINGLE (Line Drive, 78M)
Juan Rodríguez to second
Batting: RHB José Deleón 0-0: Foul Ball, location: 2F
0-1: Ball
1-1: Foul Ball, location: 2F
1-2: Ball
2-2: Ball
3-2: Ground out 6-3 (Groundball, 6)
Top of the 6th over - 0 runs, 1 hit, 0 errors, 2 left on base; Lee's Summit 5 - Manhatten 0
BOTTOM OF THE 6TH
Manhatten Meatheads batting - Pitching for Lee's Summit Tigers : RHP Lyndon Dixon
Batting: LHB Wayne Rogers 0-0: Swinging Strike
0-1: Ball
1-1: Foul Ball, location: 2F
1-2: Ball
2-2: SINGLE (Groundball, 6MD)
Batting: RHB Roberto Rodríguez 0-0: Ball
1-0: Grounds into double play, 6-4-3 (Groundball, 6)
Batting: RHB Ed Gaston 0-0: Ball
1-0: Called Strike
1-1: Swinging Strike
1-2: Ball
2-2: Ball
3-2: Foul Ball, location: 2F
3-2: Strikes out looking
Bottom of the 6th over - 0 runs, 1 hit, 0 errors, 0 left on base; Lee's Summit 5 - Manhatten 0
TOP OF THE 7TH
Lee's Summit Tigers batting - Pitching for Manhatten Meatheads : RHP José Ríos
Batting: RHB Josh Martin 0-0: Called Strike
0-1: Called Strike
0-2: Ball
1-2: Foul Ball, location: 2F
1-2: Ball
2-2: Foul Ball, location: 2F
2-2: Strikes out swinging
Batting: LHB Brian Lawson 0-0: Foul Ball, location: 2F
0-1: Ball
1-1: Foul Ball, location: 2F
1-2: Strikes out swinging
Batting: RHB Tommy Smith 0-0: DOUBLE (Line Drive, 8RXD)
Batting: LHB Víctor Piña 0-0: Called Strike
0-1: Fly out, F5 (Flyball, 5DF)
Top of the 7th over - 0 runs, 1 hit, 0 errors, 1 left on base; Lee's Summit 5 - Manhatten 0
BOTTOM OF THE 7TH
Manhatten Meatheads batting - Pitching for Lee's Summit Tigers : RHP Lyndon Dixon
Batting: LHB Geoff May 0-0: Ball
1-0: Fly out, F8 (Flyball, 8RM)
Batting: RHB Paul French 0-0: Ball
1-0: Called Strike
1-1: Called Strike
1-2: SINGLE (Groundball, 6MD)
Batting: LHB Aaron Scott 0-0: Called Strike
0-1: Fly out, F5 (Popup, 5)
Batting: RHB Wayne Hanson 0-0: Called Strike
0-1: Ball
1-1: Ground out 6-3 (Groundball, 6S)
Bottom of the 7th over - 0 runs, 1 hit, 0 errors, 1 left on base; Lee's Summit 5 - Manhatten 0
TOP OF THE 8TH
Lee's Summit Tigers batting - Pitching for Manhatten Meatheads : RHP José Ríos
Batting: RHB Juan Rodríguez 0-0: Foul Ball, location: 2F
0-1: Foul Ball, location: 2F
0-2: Ball
1-2: Ball
2-2: Fly out, F9 (Flyball, 9LSF)
Batting: LHB António Bonaccorsi 0-0: Ball
1-0: Foul Ball, location: 2F
1-1: Ball
2-1: Called Strike
2-2: Fly out, F7 (Flyball, 7S)
Batting: LHB Claudio Jiménez 0-0: Swinging Strike
0-1: Ball
1-1: Ball
2-1: Swinging Strike
2-2: Ball
3-2: Strikes out swinging
Top of the 8th over - 0 runs, 0 hits, 0 errors, 0 left on base; Lee's Summit 5 - Manhatten 0
BOTTOM OF THE 8TH
Manhatten Meatheads batting - Pitching for Lee's Summit Tigers : RHP Lyndon Dixon
Now at C: Gerardo Romero
Batting: LHB Justin Tubridy 0-0: Called Strike
0-1: Swinging Strike
0-2: Foul Ball, location: 2F
0-2: Foul Ball, location: 2F
0-2: Strikes out swinging
Batting: RHB Juan Blanco 0-0: Ball
1-0: SINGLE (Flyball, 7LS)
Batting: LHB Wayne Rogers 0-0: Ball
1-0: Ball
2-0: Foul Ball, location: 2F
2-1: Foul Ball, location: 2F
2-2: Ball
3-2: Foul Ball, location: 2F
3-2: Foul Ball, location: 2F
3-2: Base on Balls
Juan Blanco to second
Pitching: RHP Mike Sherman
Batting: RHB Roberto Rodríguez 0-0: Called Strike
0-1: Foul Ball, location: 2F
0-2: Grounds into double play, 6-4-3 (Groundball, 6)
Bottom of the 8th over - 0 runs, 1 hit, 0 errors, 1 left on base; Lee's Summit 5 - Manhatten 0
TOP OF THE 9TH
Lee's Summit Tigers batting - Pitching for Manhatten Meatheads : RHP José Ríos
Pitching: RHP Doug Acevedo
Batting: SHB Enrique Bartoccini 0-0: Called Strike
0-1: Foul Ball, location: 2F
0-2: Foul Ball, location: 2F
0-2: Ball
1-2: Foul Ball, location: 2F
1-2: Ball
2-2: Ball
3-2: Ground out 3-1 (Groundball, 23)
Batting: RHB José Deleón 0-0: Swinging Strike
0-1: Ball
1-1: Swinging Strike
1-2: Ball
2-2: Ball
3-2: Strikes out swinging
Batting: RHB Josh Martin 0-0: Foul Ball, location: 2F
0-1: SINGLE (Line Drive, 8RS)
Batting: LHB Brian Lawson 0-0: Ball
1-0: Ball
2-0: DOUBLE (Flyball, 89D)
Josh Martin to third
Runner from 3rd tries for Home, SAFE, throw made at trailing runner, SAFE at third!
Batting: RHB Tommy Smith 0-0: Foul Ball, location: 2F
0-1: Ball
1-1: Called Strike
1-2: Ball
2-2: Strikes out swinging
Top of the 9th over - 1 run, 2 hits, 0 errors, 1 left on base; Lee's Summit 6 - Manhatten 0
BOTTOM OF THE 9TH
Manhatten Meatheads batting - Pitching for Lee's Summit Tigers : RHP Mike Sherman
Now at 2B: Stephen Segura
Batting: RHB Ed Gaston 0-0: Swinging Strike
0-1: Swinging Strike
0-2: Ball
1-2: Strikes out swinging
Batting: LHB Geoff May 0-0: Foul Ball, location: 2F
0-1: Foul Ball, location: 2F
0-2: Strikes out swinging
Batting: RHB Paul French 0-0: Ball
1-0: Called Strike
1-1: Ball
2-1: Foul Ball, location: 2F
2-2: Foul Ball, location: 2F
2-2: SINGLE (Groundball, 56D)
Batting: LHB Aaron Scott 0-0: Ball
1-0: Foul Ball, location: 2F
1-1: Fly out, F8 (Line Drive, 8LM)
Bottom of the 9th over - 0 runs, 1 hit, 0 errors, 1 left on base; Lee's Summit 6 - Manhatten 0
Saturday, April 7th, 2018 - OOTP Baseball 18.8 Build 76